 Dungeon Crawl Stone Soup version 0.31-a0-744-gbc345e7fcb (webtiles) character file.

Game seed: 6085461412085276548

224 GigaChad the Shield-Bearer (level 6, -1/49 HPs)
             Began as a Formicid Fighter on Sept 13, 2023.
             Slain by a goblin
             ... wielding a +0 club
             ... led by Robin
              (2 damage)
             ... on level 3 of the Dungeon.
             The game lasted 00:03:01 (1475 turns).

GigaChad the Shield-Bearer (Formicid Fighter)       Turns: 1475, Time: 00:03:02

Health: -1/49      AC:  9    Str: 23    XL:     6   Next: 20%
Magic:  6/6        EV:  8    Int:  7    God:
Gold:   77         SH:  5    Dex: 13    Spells: 5/5 levels left

rFire   . . .        i - +0 scythe
rCold   . . .        c - +0 buckler
rNeg    . . .        l - +0 chain mail
rPois   .            (helmet unavailable)
rElec   .            (no cloak)
rCorr   .            (no gloves)
SInv    +            (no boots)
Will    .....        (no amulet) Stlth
                     (no ring)
HPRegen 0.28/turn    (no ring)
MPRegen 0.10/turn

%: no passive effects
@: no status effects
A: permanent stasis, dig shafts and tunnels, antennae 3, four strong arms
a: Dig, Shaft Self


You were on level 3 of the Dungeon.
You visited 1 branch of the dungeon, and saw 3 of its levels.

You collected 77 gold pieces.

Inventory:

Hand Weapons
 a - a +1 war axe
 i - a +0 scythe (weapon)
Armour
 b - a +0 scale mail
 c - a +0 buckler (worn)
 l - a +0 chain mail (worn)
Scrolls
 e - a scroll of blinking {unknown}
Potions
 d - 2 potions of might
 f - 2 potions of curing
 g - a potion of heal wounds {unknown}
 h - a potion of ambrosia {unknown}
 j - a potion of haste {unknown}
 k - a potion of lignification {unknown}


   Skills:
 * Level 4.3 Fighting
 * Level 4.4 Axes
 * Level 0.2(2.6) Polearms
 * Level 3.9 Armour
 * Level 5.0 Shields


You had 5 spell levels left.
You didn't know any spells.
Your spell library contained the following spells:

 Spells                   Type           Power      Damage    Failure   Level
 Ensorcelled Hibernation  Hex/Ice        0%         N/A       99%         2
 Passwall                 Tmut/Erth      0%         N/A       99%         2
 Swiftness                Air            Unusable   N/A       N/A         3

Dungeon Overview and Level Annotations

Branches:
Dungeon (3/15)

Altars:

Shops:
D:1 *

Annotations:
D:3 Robin


Innate Abilities, Weirdness & Mutations

You cannot be hasted, slowed, berserked, paralysed or teleported.
You can dig through walls and to a lower floor.
You have a pair of large antennae on your head. (SInv)
Your four strong arms can wield two-handed weapons with a shield.


Message History

Unknown command.
You barely miss the goblin.
The goblin is heavily wounded.
The goblin no longer looks unusually strong.
The goblin barely misses you.
Robin roars a battlecry!
The goblins go into a battle-frenzy!
The goblin barely misses you. You block the goblin's attack.
The goblin hits you with a +0 dagger.
You hear a shout!
You closely miss the goblin.
The goblin is heavily wounded.
The goblin no longer looks unusually strong.
A goblin comes into view. It is wielding a +0 dagger.
Robin barely misses you.
The goblin hits you but does no damage. x4
The goblin completely misses you. You block the goblin's attack.
The goblin hits you but does no damage.
Robin roars a battlecry!
The goblin goes into a battle-frenzy!
The goblin hits you with a +0 club.
You puncture the goblin!
You kill the goblin!
The goblin no longer looks unusually strong.
You block the goblin's attack. The goblin hits you but does no damage.
Unknown command.
You closely miss the goblin.
A goblin comes into view. It is wielding a +0 dagger.
You block the goblin's attack. The goblin barely misses you.
You block the goblin's attack.
Unknown command.
You completely miss the goblin. The hobgoblin barely misses you.
Robin hits you with a +0 club.
* * * LOW HITPOINT WARNING * * *
The goblin hits you but does no damage. You block the goblin's attack.
The goblin hits you with a +0 dagger.
* * * LOW HITPOINT WARNING * * *
The hobgoblin hits you.
* * * LOW HITPOINT WARNING * * *
The goblin hits you with a +0 club.
You die...

.##...............
#####.#.....###
#.##....#
#.#####.##
.#....)..# #
#.#####..###..#
.............#
######gg###.##
#g@# #gg# #gg#
#..# #..# #.g#
#... #.#.


You could see Robin, a hobgoblin (strong) and 6 goblins.

Vanquished Creatures
  Sigmund (D:2)
  2 adders (D:2)
  A dart slug (D:2)
  4 orcs (D:3)
  3 endoplasms
  A giant cockroach (D:1)
  8 goblins
  5 hobgoblins
  A quokka (D:2)
  5 ball pythons
  8 bats
  3 frilled lizards
  4 kobolds
  4 rats
50 creatures vanquished.

Notes
Turn   | Place    | Note
-------+----------+-------------------------------------------
     0 | D:1      | GigaChad the Formicid Fighter began the quest for the Orb.
     0 | D:1      | Reached XP level 1. HP: 18/18 MP: 1/1
    11 | D:1      | Found Juum's General Store.
   167 | D:1      | Reached XP level 2. HP: 24/24 MP: 2/2
   617 | D:2      | Reached XP level 3. HP: 28/30 MP: 3/3
   985 | D:2      | Noticed Sigmund
   999 | D:2      | Killed Sigmund
  1000 | D:2      | Reached skill level 5 in Shields
  1000 | D:2      | Reached XP level 4. HP: 14/37 MP: 4/4
  1000 | D:2      | Reached XP level 5. HP: 16/42 MP: 5/5
  1000 | D:2      | Reached XP level 6. HP: 18/48 MP: 6/6
  1453 | D:3      | Noticed Robin
  1475 | D:3      | HP: 1/49 [hobgoblin[Robin] (6)]
  1475 | D:3      | Slain by a goblin

Illustrated notes

Levels and vault maps discovered:
D:1:      scummos_arrival_simple_crosswalls, layout_basic, serial_shops, shop,
          minmay_misc_feat_plants
D:2:      layout_rooms, chequers_mini_garden, uniq_sigmund
D:3:      layout_loops_ring, mainiacjoe_overflow_concentric_impassable,
          kennysheep_generic_room_12, uniq_grinder, uniq_robin

Skill      XL: |  1  2  3 |
---------------+----------+-----
Fighting       | 4 |  4.3
Axes           | 4 |  4.4
Shields        | 5 |  5.0
Polearms       | |  0.2
Armour         | |  3.9

Action                     |  1- 3 |  4- 6 || total
---------------------------+-------+-------++-------
  Melee: War axe           |    66 |       ||    66
         Halberd           |       |    60 ||    60
    Use: Scroll            |     3 |       ||     3
 Armour: Scale mail        |    32 |       ||    32
         Chain mail        |    18 |    85 ||   103
  Dodge: Dodged            |    32 |    48 ||    80
  Block: Buckler           |    16 |    38 ||    54

Table legend: (Time is in decaauts)
 A = Elapsed time spent in this place.
 B = Non-inter-level travel time spent in this place.
 C = Inter-level travel time spent in this place.
 D = Time resting spent in this place.
 E = Time spent auto-exploring this place.
 F = Levels seen in this place.
 G = Mean time per level.
                   A        B        C        D        E       F      G
               +--------+--------+--------+--------+--------+-----+--------+
         Total |   1524 |   1503 |     21 |    205 |    943 |   3 |  508.0 |
       Dungeon |   1524 |   1503 |     21 |    205 |    943 |   3 |  508.0 |
               +--------+--------+--------+--------+--------+-----+--------+

Top non-repeatable levels by time:
     D:2: 737 daAuts
     D:1: 619 daAuts
     D:3: 167 daAuts
